 Dungeon Crawl Stone Soup version 0.31.0-11-ge490571c62 (webtiles) character file.

Game seed: 3479074578478402610

1868 bearlyready the Mimic (level 9, -10/79 HPs)
             Began as an Octopode Shapeshifter on Feb 7, 2024.
             Was an Initiate of Gozag.
             Killed from afar by a steam dragon (24 damage)
             ... with a ball of steam
             ... on level 7 of the Dungeon.
             The game lasted 00:10:18 (6085 turns).

bearlyready the Mimic (Octopode Shapeshifter)       Turns: 6085, Time: 00:10:19

Health: -10/79     AC:  1    Str: 17    XL:     9   Next: 13%
Magic:  9/9        EV: 13    Int: 12    God:    Gozag
Gold:   461        SH:  0    Dex: 12    Spells: 8/8 levels left

rFire   . .          .
                       - Unarmed
rCold   . . .        (no shield)
rNeg    . . .        (helmet currently unavailable)
rPois   .            o - amulet of the acrobat
rElec   .            t - ring of wizardry
rCorr   .            (no ring)
SInv    .            (no ring)
Will    .....        (no ring) Stlth
                     (no ring)
HPRegen 0.33/turn    (no ring)
MPRegen 0.11/turn    (no ring)
                     (no ring)

%: acrobat, wizardry (x1)
@: berserking, beast-form, very quick
A: beast (slay +4), almost no armour, amphibious, 8 rings, camouflage 1,
gelatinous body 1, (nimble swimmer 1), tentacles
a: Begin Untransformation, Renounce Religion, Potion Petition, Call Merchant,
Bribe Branch


You were on level 7 of the Dungeon.
You worshipped Gozag.
Gozag was aware of your devotion.
You were a hulking beast.
You visited 2 branches of the dungeon, and saw 8 of its levels.

You collected 626 gold pieces.
You spent 88 gold pieces at shops.
You paid 77 gold pieces to Gozag.

Inventory:

Hand Weapons
 h - a +2 dagger of draining
Missiles
 a - 17 poisoned darts (quivered)
 i - 86 stones
 B - 2 boomerangs
Armour
 n - a +0 cloak
Jewellery
 o - an amulet of the acrobat (around mantle)
 t - a ring of wizardry (left tentacle)
 v - the amulet "Okezo" {Faith rF+}
   (You found it on level 7 of the Dungeon)

   [amulet of faith]

   Faith:     It allows you to gain divine favour quickly.
   rF+:       It protects you from fire.
Talismans
 b - a beast talisman
 c - a flux talisman
 l - a maw talisman
 p - a flux talisman
 u - a flux talisman
 y - a serpent talisman
Wands
 m - a wand of charming (4)
Scrolls
 j - 5 scrolls of teleportation
 k - 3 scrolls of enchant weapon
 w - a scroll of silence
Potions
 d - 5 potions of curing
 f - a potion of resistance
 g - a potion of attraction
 q - 4 potions of brilliance
 s - a potion of degeneration {unknown}
 z - a potion of mutation {unknown}
 A - a potion of ambrosia {unknown}


   Skills:
 - Level 1.0 Fighting
 - Level 2.0 Dodging
 - Level 8.0 Unarmed Combat
 - Level 3.0 Evocations
 + Level 8.3 Shapeshifting


You had 8 spell levels left.
You didn't know any spells.
Your spell library contained the following spells:

 Spells                   Type           Power      Damage    Failure   Level
 Magic Dart               Conj           0%         1d3       13%         1
 Scorch                   Fire           0%         2d5       21%         2
 Searing Ray              Conj           0%         2d4       21%         2
 Sublimation of Blood     Necr           0%         N/A       21%         2
 Call Canine Familiar     Summ           0%         N/A       36%         3
 Sigil of Binding         Hex            0%         N/A       36%         3
 Summon Ice Beast         Ice/Summ       0%         N/A       36%         3
 Dimensional Bullseye     Hex/Tloc       0%         N/A       75%         4
 Flame Wave               Conj/Fire      0%         2d4       75%         4
 Fulminant Prism          Conj/Alch      0%         3d5       75%         4
 Petrify                  Alch/Erth      0%         N/A       75%         4
 Irradiate                Conj/Alch      0%         3d11      97%         5
 Summon Mana Viper        Hex/Summ       0%         N/A       97%         5
 Summon Cactus Giant      Summ           0%         N/A       100%        6
 Monstrous Menagerie      Summ           0%         N/A       100%        7


Dungeon Overview and Level Annotations

Branches:
Dungeon (7/15)             Temple (1/1) D:7

Altars:
Cheibriados
Fedhas
Gozag
Hepliaklqana
Kikubaaqudgha
Makhleb
Nemelex Xobeh
Okawaru
Qazlal
Ru
Uskayaw
Vehumet
Wu Jian
Yredelemnul
Zin
The Shining One

Shops:
D:3 !   D:4 (*

Annotations:
D:7 Dowan


Innate Abilities, Weirdness & Mutations

You are a hulking beast.
Your limbs bulge with bestial killing power. (Slay +4)
You cannot wear most types of armour.
You are amphibious.
You can wear up to eight rings at the same time.
Your skin changes colour to match your surroundings (Stealth+).
Your rubbery body absorbs attacks. (AC +1, EV +1)
((You are camouflaged when in or above water. (Stealth+)))
You have tentacles for arms and can constrict up to eight enemies at once.


Message History

Your steam dragon bites the iguana!
Your steam dragon barely misses the iguana.
The iguana closely misses you.
You bludgeon the iguana! You grab the iguana.
The iguana is almost dead.
You constrict the iguana.
You kill the iguana!
You now have 461 gold pieces (gained 8).
Found a dyed leather armour.
You see here a +3 leather armour of fire resistance.
The steam dragon is no longer charmed.
The steam dragon barely misses you. The steam dragon completely misses you.
The steam dragon attacks as it pursues you!
The steam dragon bites you. The steam dragon closely misses you.
You tentacle-slap the steam dragon. You squeeze the steam dragon.
The steam dragon is moderately wounded.
You bludgeon the steam dragon!
The steam dragon is heavily wounded.
The steam dragon bites you. The steam dragon claws you.
You closely miss the steam dragon.
The steam dragon is heavily wounded.
The steam dragon breathes steam at you. The ball of steam hits you!!
The steam dragon bites you but does no damage.
The steam dragon completely misses you.
Okay, then.
Okay, then.
You tentacle-slap the steam dragon.
The steam dragon is severely wounded.
The steam dragon bites you!
* * * LOW HITPOINT WARNING * * *
The steam dragon claws you.
* * * LOW HITPOINT WARNING * * *
Unknown command.
A red film seems to cover your vision as you go berserk!
You feel yourself moving faster!
You feel mighty! The steam dragon breathes steam at you.
The ball of steam hits you!!
You die...
Your body crumbles into a pile of gold.

.. #. #.# .###.# #.# . ..#.#
#.# #.#.#.# #+# #.# ..#.#.# ###
#.# #.# #.....########
#.####.#####.# ..........†..###
#..........[.#
........###.##.###.############
........# #.###.hD## #.......#
#......## #......## ########
#......# #......# ##.##### ##.#
...# ####


You could see a steam dragon (catching breath).

Vanquished Creatures
  Joseph (D:7)
  A wyvern (D:7)
  A steam dragon (D:7)
  A black bear (D:5)
  2 ogres (D:5)
  A kobold brigand (D:6)
  A phantom (D:4)
  3 scorpions
  2 howler monkeys (D:6)
  2 bombardier beetles (D:5)
  A hound (D:5)
  A gnoll bouda (D:7)
  An orc priest (D:4)
  Crazy Yiuf (D:3)
  Jessica (D:3)
  4 iguanas
  2 orc wizards (D:6)
  2 gnolls
  8 adders
  A white imp (D:7)
  2 ufetubi (D:6)
  2 dart slugs (D:1)
  3 ribbon worms (D:2)
  16 orcs
  9 endoplasms
  6 giant cockroaches
  3 goblins
  8 hobgoblins
  3 jackals (D:2)
  6 quokkas
  6 ball pythons
  4 bats
  4 frilled lizards
  13 kobolds
  6 rats
128 creatures vanquished.

Vanquished Creatures (collateral kills)
  2 gnolls (D:7)
2 creatures vanquished.

Grand Total: 130 creatures vanquished

Notes
Turn   | Place    | Note
-------+----------+-------------------------------------------
     0 | D:1      | bearlyready the Octopode Shapeshifter began the quest for
                  | the Orb.
     0 | D:1      | Reached XP level 1. HP: 13/13 MP: 1/1
    62 | D:1      | Reached XP level 2. HP: 10/18 MP: 2/2
   313 | D:1      | Reached XP level 3. HP: 22/22 MP: 3/3
   511 | D:1      | Found a faded altar of an unknown god.
  1192 | D:2      | Reached XP level 4. HP: 26/28 MP: 4/4
  2031 | D:3      | Found Uzurchaj's Distillery.
  2071 | D:3      | Reached XP level 5. HP: 31/33 MP: 5/5
  2177 | D:3      | Bought a potion of curing for 33 gold pieces
  2177 | D:3      | Bought a potion of heal wounds for 55 gold pieces
  2215 | D:3      | Found a snail-covered altar of Cheibriados.
  2230 | D:3      | Found a runed translucent door.
  2231 | D:3      | Noticed Crazy Yiuf
  2241 | D:3      | Killed Crazy Yiuf
  2344 | D:3      | Noticed Jessica
  2351 | D:3      | Killed Jessica
  2697 | D:4      | Reached skill level 5 in Unarmed Combat
  2737 | D:4      | Reached XP level 6. HP: 26/38 MP: 6/6
  2807 | D:4      | Found an iron altar of Okawaru.
  2897 | D:4      | Found Itwen's Elemental Accessories.
  3108 | D:4      | Found Zismua's Antique Weapon Shoppe.
  3135 | D:4      | Found a sparkling altar of Nemelex Xobeh.
  3266 | D:4      | Reached skill level 5 in Shapeshifting
  3463 | D:4      | Found a glowing golden altar of the Shining One.
  3464 | D:4      | Found a hide-covered altar of Uskayaw.
  3495 | D:5      | Entered Level 5 of the Dungeon
  3600 | D:5      | You fall into a shaft and drop 2 floors!
  3663 | D:7      | Found a staircase to the Ecumenical Temple.
  3665 | D:7      | Noticed Joseph
  3668 | Temple   | Entered the Ecumenical Temple
  3682 | Temple   | Became a worshipper of Gozag Ym Sagoz the Greedy
  3696 | D:7      | Noticed a steam dragon
  3709 | D:7      | Killed Joseph
  3710 | D:7      | Reached XP level 7. HP: 26/43 MP: 7/7
  3713 | D:7      | Killed a steam dragon
  3714 | D:7      | Reached XP level 8. HP: 33/48 MP: 8/8
  3722 | D:7      | Noticed a wyvern
  3832 | D:7      | Identified the amulet "Okezo" {Faith rF+}
  3887 | D:7      | Noticed a wyvern
  3894 | D:7      | Killed a wyvern
  3911 | D:7      | Noticed a deep troll
  3913 | D:7      | Noticed a deep troll
  3913 | D:7      | Noticed a deep troll
  4772 | D:5      | Reached skill level 1 in Evocations
  5096 | D:6      | Reached XP level 9. HP: 53/53 MP: 9/9
  6020 | D:7      | Noticed Dowan
  6085 | D:7      | Killed from afar by a steam dragon

Illustrated notes

Levels and vault maps discovered:
D:1:      roderic_crop_circles_arrival_small, layout_loops_ring, serial_forest,
          infiniplex_forest_diagonal, infiniplex_forest_clump_double,
          infiniplex_forest_end_1, infiniplex_forest_clump_curved,
          infiniplex_forest_clump_curved, infiniplex_forest_zigzag_2,
          infiniplex_forest_clump_small, infiniplex_forest_zigzag_1,
          infiniplex_forest_corner_1, infiniplex_forest_clump_medium,
          shapermc_ecumenical_altar_hornbeckon, skrybe_limestone_x
D:2:      layout_loops_corners, serial_bayou, serial_bayou_pond_b,
          serial_bayou_lake_a, serial_bayou_crossing, serial_bayou_shore_a,
          minmay_misc_feat_more_columns
D:3:      layout_rooms, mainiacjoe_overflow_chevrons, serial_shops, shop,
          uniq_crazy_yiuf_cottage, uniq_jessica
D:4:      layout_basic, marbit_many_paths, lemuel_crystal_altar,
          gammafunk_temple_overflow_statue, serial_shops,
          nicolae_shop_overgrown_old_shop, nicolae_elemental_shop,
          minmay_strange_pillars, grunt_decor_mini_mirrors, minmay_hedge_maze
D:5:      layout_basic
D:6:      layout_basic, minivault_1
D:7:      layout_loops_ring, mainiacjoe_overflow_swirl,
          minmay_temple_entry_ruins, enter_bailey_2,
          hellmonk_guarded_unrand_vitality_bloodlust, uniq_joseph, uniq_duvessa
Temple:   nicolae_temple_ecumenical_triangle

Skill      XL: |  1  2  3  4  5  6  7  8  9 |
---------------+----------------------------+-----
Unarmed Combat | 4 5 6 8 |  8.0
Shapeshifting  | 4 6 7 8 |  8.3
Evocations     | 2 3 |  3.0
Fighting       | |  1.0
Dodging        | |  2.0

Action                     |  1- 3 |  4- 6 |  7- 9 || total
---------------------------+-------+-------+-------++-------
  Melee: Unarmed           |    62 |   134 |    78 ||   274
         Constrict         |    20 |    25 |    20 ||    65
         Tentacles         |    10 |    25 |    28 ||    63
         Punch             |     4 |     5 |     4 ||    13
  Throw: Dart              |       |       |     5 ||     5
  Evoke: Wand              |       |       |     4 ||     4
    Use: Potion            |       |     1 |     2 ||     3
         Scroll            |       |     6 |     3 ||     9
   Stab: Sleeping          |     9 |    15 |     5 ||    29
 Armour: Skin              |    23 |    70 |    40 ||   133
  Dodge: Dodged            |    31 |    52 |    49 ||   132
